TOP OF THE 1ST |
Fort Worth HS Turkeys batting - Pitching for Jeffersonville-Youngsville Central HS Trojans : RHP Cody Nichols
|
Pitching: RHP Cody Nichols
|
|
Batting: LHB Fernando García
|
0-0: Ball 1-0: Ball 2-0: Ground out 5-3 (Groundball, 56)
|
Batting: LHB Will O'Dell
|
0-0: Called Strike 0-1: Foul Ball, location: 2F 0-2: Ground out 4-3 (Groundball, 4)
|
Batting: RHB Jon Hartley
|
0-0: Ball 1-0: Ball 2-0: Foul Ball, location: 2F 2-1: Fly out, F7 (Flyball, 7LMF)
|
Top of the 1st over - 0 run(s), 0 hit(s), 0 error(s), 0 left on base; Fort Worth HS 0 - Jeffersonville-Youngsville Central HS 0 |
BOTTOM OF THE 1ST |
Jeffersonville-Youngsville Central HS Trojans batting - Pitching for Fort Worth HS Turkeys : RHP Hubert Chilcott
|
Pitching: RHP Hubert Chilcott
|
|
Batting: RHB Albert Smedley
|
0-0: Foul Ball, location: 2F 0-1: Ball 1-1: Called Strike 1-2: Ball 2-2: Ball 3-2: Base on Balls
|
Batting: RHB Albert Hunt
|
0-0: Ball 1-0: Ball 2-0: Fly out, F7 (Flyball, 78M)
|
Batting: LHB Abel Wheeler
|
0-0: Ball 1-0: Foul Ball, location: 2F 1-1: Ball 2-1: Ball 3-1: Called Strike 3-2: Fly out, F9 (Line Drive, 9M)
|
Batting: LHB Allen Boyd
|
0-0: SINGLE (Line Drive, 56D) Albert Smedley to second
|
Batting: RHB Tim Richard
|
0-0: Ball 1-0: SINGLE (Line Drive, 34D) Albert Smedley to third Allen Boyd to second
|
Batting: RHB Carlos Rosa
|
0-0: Ground out 6-3 (Groundball, 6)
|
Bottom of the 1st over - 0 run(s), 2 hit(s), 0 error(s), 3 left on base; Fort Worth HS 0 - Jeffersonville-Youngsville Central HS 0 |
TOP OF THE 2ND |
Fort Worth HS Turkeys batting - Pitching for Jeffersonville-Youngsville Central HS Trojans : RHP Cody Nichols
|
Batting: LHB Johnny Foley
|
0-0: Called Strike 0-1: Ball 1-1: Ball 2-1: Fly out, F8 (Flyball, 8LM)
|
Batting: RHB Bill Ménard
|
0-0: Foul Ball, location: 2F 0-1: Ball 1-1: Foul Ball, location: 2F 1-2: Ball 2-2: Foul Ball, location: 2F 2-2: Ball 3-2: Foul Ball, location: 2F 3-2: Base on Balls
|
Batting: LHB Ugo Béland
|
0-0: Fly out, F7 (Line Drive, 7M)
|
Batting: RHB Mal Roberson
|
0-0: Foul Ball, location: 2F 0-1: Called Strike 0-2: Strikes out swinging
|
Top of the 2nd over - 0 run(s), 0 hit(s), 0 error(s), 1 left on base; Fort Worth HS 0 - Jeffersonville-Youngsville Central HS 0 |
BOTTOM OF THE 2ND |
Jeffersonville-Youngsville Central HS Trojans batting - Pitching for Fort Worth HS Turkeys : RHP Hubert Chilcott
|
Batting: RHB William Gilmore
|
0-0: Ball 1-0: Foul Ball, location: 2F 1-1: Foul Ball, location: 2F 1-2: Strikes out swinging
|
Batting: RHB Mike Weeks
|
0-0: Ball 1-0: Ball 2-0: Fly out, F5 (Line Drive, 5)
|
Batting: LHB Roberto Martínez
|
0-0: Called Strike 0-1: Fly out, F8 (Flyball, 8LM)
|
Bottom of the 2nd over - 0 run(s), 0 hit(s), 0 error(s), 0 left on base; Fort Worth HS 0 - Jeffersonville-Youngsville Central HS 0 |
TOP OF THE 3RD |
Fort Worth HS Turkeys batting - Pitching for Jeffersonville-Youngsville Central HS Trojans : RHP Cody Nichols
|
Batting: RHB Denny Dennis
|
0-0: Called Strike 0-1: Ball 1-1: SINGLE (Line Drive, 5L)
|
Batting: RHB Eric Clay
|
0-0: Called Strike 0-1: Ball 1-1: Swinging Strike 1-2: Foul Ball, location: 2F 1-2: Ball 2-2: Foul Ball, location: 2F 2-2: Foul Ball, location: 2F 2-2: Ball 3-2: SINGLE (Groundball, 56) Denny Dennis to second
|
Batting: LHB Fernando García
|
0-0: Ball 1-0: Ball 2-0: Ball 3-0: Base on Balls Denny Dennis to third Eric Clay to second
|
Batting: LHB Will O'Dell
|
0-0: SINGLE (Line Drive, 7S) Denny Dennis scores Eric Clay to third Fernando García to second
|
Batting: RHB Jon Hartley
|
0-0: Ball 1-0: Ball 2-0: Called Strike 2-1: Swinging Strike 2-2: Strikes out looking
|
Batting: LHB Johnny Foley
|
0-0: Called Strike 0-1: Ball 1-1: Ball 2-1: Ball 3-1: Base on Balls Eric Clay scores Fernando García to third Will O'Dell to second
|
Batting: RHB Bill Ménard
|
0-0: Called Strike 0-1: Ball 1-1: Foul Ball, location: 2F 1-2: Foul Ball, location: 2F 1-2: Strikes out looking
|
Batting: LHB Ugo Béland
|
0-0: SINGLE (Groundball, 6MD) Fernando García scores Will O'Dell to third Johnny Foley to second Runner from 3rd tries for Home, SAFE, no throw or cutoff
|
Batting: RHB Mal Roberson
|
0-0: Ball Ugo Béland is caught stealing 2nd base
|
Top of the 3rd over - 4 run(s), 4 hit(s), 0 error(s), 0 left on base; Fort Worth HS 4 - Jeffersonville-Youngsville Central HS 0 |
BOTTOM OF THE 3RD |
Jeffersonville-Youngsville Central HS Trojans batting - Pitching for Fort Worth HS Turkeys : RHP Hubert Chilcott
|
Batting: RHB Albert Smedley
|
0-0: Foul Ball, location: 2F 0-1: Ball 1-1: Ball 2-1: Fly out, F3 (Popup, 3F)
|
Batting: RHB Albert Hunt
|
0-0: Ball 1-0: Fly out, F9 (Popup, 4D)
|
Batting: LHB Abel Wheeler
|
0-0: Ball 1-0: Called Strike 1-1: Foul Ball, location: 2F 1-2: Foul Ball, location: 2F 1-2: Ball 2-2: Ball 3-2: Ground out 4-3 (Groundball, 4M)
|
Bottom of the 3rd over - 0 run(s), 0 hit(s), 0 error(s), 0 left on base; Fort Worth HS 4 - Jeffersonville-Youngsville Central HS 0 |
TOP OF THE 4TH |
Fort Worth HS Turkeys batting - Pitching for Jeffersonville-Youngsville Central HS Trojans : RHP Cody Nichols
|
Batting: RHB Mal Roberson
|
0-0: Ball 1-0: Called Strike 1-1: Ball 2-1: Ball 3-1: DOUBLE (Line Drive, 6)
|
Batting: RHB Denny Dennis
|
0-0: Ball 1-0: Ball 2-0: SINGLE (Line Drive, 56D) Mal Roberson to third
|
Batting: RHB Eric Clay
|
0-0: Called Strike 0-1: 3-RUN HOME RUN (Flyball, 78XD), Distance : 426 ft
|
Pitching: RHP Casey Henry
|
|
Batting: LHB Fernando García
|
0-0: Foul Ball, location: 2F 0-1: Called Strike 0-2: Ball 1-2: Fly out, F8 (Flyball, 8RS)
|
Batting: LHB Will O'Dell
|
0-0: Ball 1-0: Called Strike 1-1: Ball 2-1: Foul Ball, location: 2F 2-2: Strikes out swinging
|
Batting: RHB Jon Hartley
|
0-0: Called Strike 0-1: Swinging Strike 0-2: Ball 1-2: Strikes out looking
|
Top of the 4th over - 3 run(s), 3 hit(s), 0 error(s), 0 left on base; Fort Worth HS 7 - Jeffersonville-Youngsville Central HS 0 |
BOTTOM OF THE 4TH |
Jeffersonville-Youngsville Central HS Trojans batting - Pitching for Fort Worth HS Turkeys : RHP Hubert Chilcott
|
Batting: LHB Allen Boyd
|
0-0: Ball 1-0: Ground out 4-3 (Groundball, 4M)
|
Batting: RHB Tim Richard
|
0-0: Ball 1-0: Ground out 4-3 (Groundball, 4)
|
Batting: RHB Carlos Rosa
|
0-0: Ball 1-0: Foul Ball, location: 2F 1-1: Ball 2-1: Foul Ball, location: 2F 2-2: Foul Ball, location: 2F 2-2: Fly out, F9 (Popup, 9S)
|
Bottom of the 4th over - 0 run(s), 0 hit(s), 0 error(s), 0 left on base; Fort Worth HS 7 - Jeffersonville-Youngsville Central HS 0 |
TOP OF THE 5TH |
Fort Worth HS Turkeys batting - Pitching for Jeffersonville-Youngsville Central HS Trojans : RHP Casey Henry
|
Batting: LHB Johnny Foley
|
0-0: Called Strike 0-1: Called Strike 0-2: Ball 1-2: Ball 2-2: Ground out 4-3 (Groundball, 4M)
|
Batting: RHB Bill Ménard
|
0-0: Ball 1-0: Called Strike 1-1: Foul Ball, location: 2F 1-2: Hit by Pitch
|
Batting: LHB Ugo Béland
|
0-0: Called Strike 0-1: Swinging Strike 0-2: Ball 1-2: Ball 2-2: Foul Ball, location: 2F 2-2: Foul Ball, location: 2F 2-2: Foul Ball, location: 2F 2-2: Foul Ball, location: 2F 2-2: Ball 3-2: Fielders Choice at 2nd, 1-6 (Groundball, 23)
|
Batting: RHB Mal Roberson
|
0-0: Called Strike Ugo Béland steals 2nd base 0-1: Foul Ball, location: 2F 0-2: Fly out, F8 (Flyball, 8RM)
|
Top of the 5th over - 0 run(s), 0 hit(s), 0 error(s), 1 left on base; Fort Worth HS 7 - Jeffersonville-Youngsville Central HS 0 |
BOTTOM OF THE 5TH |
Jeffersonville-Youngsville Central HS Trojans batting - Pitching for Fort Worth HS Turkeys : RHP Hubert Chilcott
|
Batting: RHB William Gilmore
|
0-0: Called Strike 0-1: Ball 1-1: Ball 2-1: Foul Ball, location: 2F 2-2: Ball 3-2: Base on Balls
|
Batting: RHB Mike Weeks
|
0-0: Fly out, F3 (Line Drive, 3) 0-0: Lined into DP, U3 (Line Drive, 3)
|
Batting: LHB Roberto Martínez
|
0-0: Foul Ball, location: 2F 0-1: Ground out 2-3 (Groundball, 23)
|
Bottom of the 5th over - 0 run(s), 0 hit(s), 0 error(s), 0 left on base; Fort Worth HS 7 - Jeffersonville-Youngsville Central HS 0 |
TOP OF THE 6TH |
Fort Worth HS Turkeys batting - Pitching for Jeffersonville-Youngsville Central HS Trojans : RHP Casey Henry
|
Batting: RHB Denny Dennis
|
0-0: Ball 1-0: Ball 2-0: Foul Ball, location: 2F 2-1: Fly out, F9 (Flyball, 9M)
|
Batting: RHB Eric Clay
|
0-0: Ball 1-0: Foul Ball, location: 2F 1-1: Foul Ball, location: 2F 1-2: Foul Ball, location: 2F 1-2: Ball 2-2: Strikes out swinging
|
Batting: LHB Fernando García
|
0-0: Called Strike 0-1: SINGLE (Line Drive, 6)
|
Batting: LHB Will O'Dell
|
0-0: Ball 1-0: Ball Fernando García is caught stealing 2nd base
|
Top of the 6th over - 0 run(s), 1 hit(s), 0 error(s), 0 left on base; Fort Worth HS 7 - Jeffersonville-Youngsville Central HS 0 |
BOTTOM OF THE 6TH |
Jeffersonville-Youngsville Central HS Trojans batting - Pitching for Fort Worth HS Turkeys : RHP Hubert Chilcott
|
Batting: RHB Albert Smedley
|
0-0: Foul Ball, location: 2F 0-1: Ball 1-1: Fly out, F6 (Popup, 6)
|
Batting: RHB Albert Hunt
|
0-0: SINGLE (Groundball, 13) (infield hit)
|
Batting: LHB Abel Wheeler
|
0-0: Foul Ball, location: 2F 0-1: Ball 1-1: Foul Ball, location: 2F 1-2: Ball 2-2: Foul Ball, location: 2F 2-2: Foul Ball, location: 2F 2-2: Strikes out swinging
|
Pitching: RHP Shawn Miller
|
|
Batting: LHB Allen Boyd
|
0-0: Fly out, F6 (Popup, 7S)
|
Bottom of the 6th over - 0 run(s), 1 hit(s), 0 error(s), 1 left on base; Fort Worth HS 7 - Jeffersonville-Youngsville Central HS 0 |
TOP OF THE 7TH |
Fort Worth HS Turkeys batting - Pitching for Jeffersonville-Youngsville Central HS Trojans : RHP Casey Henry
|
Pitching: LHP Rich Marshall
|
|
Batting: LHB Will O'Dell
|
0-0: Ball 1-0: Called Strike 1-1: Swinging Strike 1-2: Foul Ball, location: 2F 1-2: Foul Ball, location: 2F 1-2: Ball 2-2: Ball 3-2: Base on Balls
|
Batting: RHB Jon Hartley
|
0-0: Ball 1-0: Foul Ball, location: 2F 1-1: Ball Wild Pitch! Will O'Dell to second 2-1: SINGLE (Line Drive, 7S) Will O'Dell to third
|
Batting: LHB Johnny Foley
|
0-0: Ball 1-0: Ball 2-0: Called Strike 2-1: SINGLE (Line Drive, 3D) Will O'Dell scores Jon Hartley to second
|
Batting: RHB Bill Ménard
|
0-0: Ball 1-0: Called Strike 1-1: Ball 2-1: Fly out, F6 (Popup, 56D)
|
Batting: LHB Ugo Béland
|
0-0: Fly out, F7 (Flyball, 7LMF)
|
Batting: RHB Mal Roberson
|
0-0: Called Strike 0-1: Foul Ball, location: 2F 0-2: Ball 1-2: Ball 2-2: SINGLE (Line Drive, 6MD) Jon Hartley to third Johnny Foley to second Runner from 3rd tries for Home, SAFE, throw made at trailing runner, SAFE at third!
|
Batting: RHB Denny Dennis
|
0-0: Ball 1-0: Ball 2-0: Swinging Strike 2-1: Swinging Strike 2-2: Foul Ball, location: 2F 2-2: Strikes out swinging
|
Top of the 7th over - 2 run(s), 3 hit(s), 0 error(s), 2 left on base; Fort Worth HS 9 - Jeffersonville-Youngsville Central HS 0 |
BOTTOM OF THE 7TH |
Jeffersonville-Youngsville Central HS Trojans batting - Pitching for Fort Worth HS Turkeys : RHP Shawn Miller
|
Batting: RHB Tim Richard
|
0-0: Ball 1-0: Swinging Strike 1-1: Ball 2-1: Ball 3-1: Ground out U3 (Groundball, 3S)
|
Batting: RHB Carlos Rosa
|
0-0: Called Strike 0-1: Ball 1-1: Foul Ball, location: 2F 1-2: Foul Ball, location: 2F 1-2: Strikes out swinging
|
Batting: RHB William Gilmore
|
0-0: Called Strike 0-1: Reached on error, E5 (Groundball, 56)
|
Batting: RHB Mike Weeks
|
0-0: Foul Ball, location: 2F 0-1: Ball 1-1: SINGLE (Line Drive, 34D) William Gilmore to second
|
Batting: LHB Roberto Martínez
|
0-0: Ball 1-0: Fly out, F8 (Flyball, 8RM)
|
Bottom of the 7th over - 0 run(s), 1 hit(s), 1 error(s), 2 left on base; Fort Worth HS 9 - Jeffersonville-Youngsville Central HS 0 |
TOP OF THE 8TH |
Fort Worth HS Turkeys batting - Pitching for Jeffersonville-Youngsville Central HS Trojans : LHP Rich Marshall
|
Batting: RHB Eric Clay
|
0-0: Called Strike 0-1: Ball 1-1: Ball 2-1: Foul Ball, location: 2F 2-2: Foul Ball, location: 2F 2-2: Foul Ball, location: 2F 2-2: Ball 3-2: DOUBLE (Line Drive, 5D)
|
Batting: LHB Fernando García
|
0-0: Foul Ball, location: 2F 0-1: Called Strike 0-2: Ball 1-2: Ball 2-2: Ball 3-2: Ground out 4-3 (Groundball, 4) Eric Clay to third
|
Pitching: RHP Gary Sonier
|
|
Batting: LHB Will O'Dell
|
0-0: Called Strike 0-1: Called Strike 0-2: Strikes out swinging
|
Batting: RHB Jon Hartley
|
0-0: Ball 1-0: Ball 2-0: Ball 3-0: Called Strike 3-1: Base on Balls
|
Batting: LHB Johnny Foley
|
0-0: Called Strike 0-1: Ball 1-1: Foul Ball, location: 2F 1-2: Ball 2-2: Foul Ball, location: 2F 2-2: Ball 3-2: Base on Balls Jon Hartley to second
|
Batting: RHB Bill Ménard
|
0-0: Called Strike 0-1: Called Strike 0-2: Ball 1-2: Strikes out swinging
|
Top of the 8th over - 0 run(s), 1 hit(s), 0 error(s), 3 left on base; Fort Worth HS 9 - Jeffersonville-Youngsville Central HS 0 |
BOTTOM OF THE 8TH |
Jeffersonville-Youngsville Central HS Trojans batting - Pitching for Fort Worth HS Turkeys : RHP Shawn Miller
|
Batting: RHB Albert Smedley
|
0-0: Ball 1-0: Called Strike 1-1: Foul Ball, location: 2F 1-2: Fly out, F8 (Flyball, 8LM)
|
Batting: RHB Albert Hunt
|
0-0: Ground out 6-3 (Groundball, 6)
|
Batting: LHB Abel Wheeler
|
0-0: Foul Ball, location: 2F 0-1: Foul Ball, location: 2F 0-2: Foul Ball, location: 2F 0-2: Ball 1-2: Ball 2-2: Ball 3-2: Ground out 3-1 (Groundball, 34)
|
Bottom of the 8th over - 0 run(s), 0 hit(s), 0 error(s), 0 left on base; Fort Worth HS 9 - Jeffersonville-Youngsville Central HS 0 |
TOP OF THE 9TH |
Fort Worth HS Turkeys batting - Pitching for Jeffersonville-Youngsville Central HS Trojans : RHP Gary Sonier
|
Batting: LHB Ugo Béland
|
0-0: Foul Ball, location: 2F 0-1: Foul Ball, location: 2F 0-2: Ball 1-2: Ball 2-2: Strikes out looking
|
Batting: RHB Mal Roberson
|
0-0: Ball 1-0: SINGLE (Groundball, 56S)
|
Batting: RHB Denny Dennis
|
0-0: Foul Ball, location: 2F 0-1: Foul Ball, location: 2F 0-2: Fly out, F5 (Popup, 5)
|
Pinch Hitting: RHB César Martínez
|
0-0: Called Strike 0-1: Fly out, F2 (Popup, 23F)
|
Top of the 9th over - 0 run(s), 1 hit(s), 0 error(s), 1 left on base; Fort Worth HS 9 - Jeffersonville-Youngsville Central HS 0 |
BOTTOM OF THE 9TH |
Jeffersonville-Youngsville Central HS Trojans batting - Pitching for Fort Worth HS Turkeys : RHP Shawn Miller
|
Now at SS: Howard Battle
|
|
Batting: LHB Allen Boyd
|
0-0: Called Strike 0-1: Swinging Strike 0-2: Ball 1-2: Ball 2-2: Strikes out swinging
|
Batting: RHB Tim Richard
|
0-0: Fly out, F4 (Popup, 34D)
|
Batting: RHB Carlos Rosa
|
0-0: Ball 1-0: Foul Ball, location: 2F 1-1: Swinging Strike 1-2: Strikes out swinging
|
Bottom of the 9th over - 0 run(s), 0 hit(s), 0 error(s), 0 left on base; Fort Worth HS 9 - Jeffersonville-Youngsville Central HS 0 |
|